Unix NetHack Version 3.7.0-86 Work-in-progress - last build May 30 2023 01:50:43 (cc98dc9aa62a9957b082a042edf5bd7ec9f632c7,branch:master). Game began 2023-06-09 09:42:11, ended 2023-06-09 11:34:40. MalkMcJorma, chaotic female elven Priestess --------- ...[...).*| ----------------------------**| |......................*...|..| |.........[...<.[...........[[| -....................!.....|..| |............................|..| --------------------------------- ----------------- | ..........).)).@G.| ----------------- | MalkMcJorma the Adept St:12 Dx:13 Co:11 In:10 Wi:20 Ch:3 Chaotic Dlvl:11 $:119 HP:0(67) Pw:48(161) AC:-5 Xp:9/3918 T:10308 Burdened Latest messages: The gnome king shoots an arrow! An arrow misses you. You hear some noises in the distance. The gnome king swings his bow. The gnome king hits! The gnome king swings his bow. The gnome king hits! You begin bashing monsters with your bare hands. You hit the gnome king. The gnome king swings his bow. The gnome king hits! You hit the gnome king. The gnome king swings his bow. The gnome king misses! You hit the gnome king. The gnome king swings his bow. The gnome king misses! The gnome king swings his bow. The gnome king misses! The gnome king swings his bow. The gnome king misses! You hit the gnome king. The gnome king swings his bow. The gnome king hits! The gnome king swings his bow. The gnome king hits! You hit the gnome king. The gnome king swings his bow. The gnome king hits! You hit the gnome king. The gnome king swings his bow. The gnome king hits! The gnome king swings his bow. The gnome king hits! You hit the gnome king. The gnome king swings his bow. The gnome king hits! You hit the gnome king. The gnome king swings his bow. The gnome king hits! The gnome king swings his bow. The gnome king hits! You hit the gnome king. The hobbit throws an elven dagger! The elven dagger hits the gnome king! The gnome king swings his bow. The gnome king misses! The gnome king swings his bow. The gnome king hits! You die... Inventory: Coins ('$') $ - 119 gold pieces Weapons (')') W - 10 blessed +0 darts (at the ready) Armor ('[') l - an uncursed greased +3 orcish helm (being worn) c - a blessed thoroughly rotted +2 pair of high boots (being worn) u - an uncursed +0 dwarvish roundshield (being worn) C - an uncursed greased rotted +0 robe (being worn) P - an uncursed +0 dwarvish mithril-coat (being worn) Comestibles ('%') k - an uncursed tripe ration j - an uncursed lizard corpse Scrolls ('?') s - an uncursed scroll of create monster v - an uncursed scroll of fire t - an uncursed scroll of gold detection Potions ('!') I - an uncursed potion of extra healing M - an uncursed potion of gain energy Rings ('=') p - a blessed +1 ring of increase accuracy Wands ('/') q - an uncursed wand of digging (0:4) e - an uncursed wand of light (0:10) E - an uncursed wand of magic missile (0:2) n - an uncursed wand of magic missile (0:0) H - an uncursed wand of undead turning named (no msg) (0:6) Tools ('(') r - an uncursed greased sack containing 7 items Z - an uncursed lock pick N - an uncursed mirror G - a cursed oil lamp (lit) K - an uncursed +0 pick-axe w - an uncursed towel J - a blessed +0 unicorn horn Gems/Stones ('*') B - an uncursed chrysoberyl stone Contents of the sack: 72 gold pieces an uncursed clove of garlic 4 uncursed food rations an uncursed sprig of wolfsbane a blessed potion of confusion 2 potions of holy water 2 uncursed potions of water MalkMcJorma the Priestess's attributes: Background: You were an Adept, a level 9 elven Priestess. You were chaotic, on a mission for Huhetotl who was opposed by Quetzalcoatl (lawful) and Camaxtli (neutral). You were in the Gnomish Mines, on level 11. You entered the dungeon 10308 turns ago. You had 3918 experience points, 1202 more were needed to attain level 10. Basics: You had 0 out of 67 hit points. You had 48 out of 161 energy points (spell power). Your armor class was -5. Your wallet contained 119 zorkmids, and you had 72 more stashed away in your pack. Autopickup was off. Final Characteristics: Your strength was 12 (peak:15, limit:18). Your dexterity was 13 (limit:18). Your constitution was 11 (peak:13, limit:16). Your intelligence was 10 (limit:20). Your wisdom was 20 (limit:20). Your charisma was 3 (peak:8, limit:18). Final Status: You were not hungry. You were burdened; movement was slightly slowed. You were bare handed. You were unskilled in bare handed combat. Final Attributes: You were piously aligned. You were cold resistant. You were sleep resistant. You were telepathic. You had infravision. You could teleport. You were guarded. You are dead. Miscellaneous: You disabled loading of bones levels. Total elapsed playing time was 1 hour, 52 minutes and 26 seconds. Major events: Turn 1: MalkMcJorma the chaotic elven Priestess entered the dungeon 468: entered the Gnomish Mines 692: attained the rank of Acolyte (level 3) 1536: performed her first genocide (disenchanters) 2005: attained the rank of Adept (level 6) 3070: chose an elven dagger to be named "Sting" 3531: reached Mine Town 10308: killed by a gnome king Vanquished creatures: a large mimic a large cat a dwarf ruler an amorous demon 7 wolves 3 leprechauns 2 giant spiders 2 horses a black light 2 owlbears a yeti 3 lizards 4 chickatrices a housecat a gray unicorn 2 ravens a snake 4 apes 2 fire ants a bugbear a wood nymph 2 water nymphs 2 mountain nymphs 27 Mordor orcs 4 Uruk-hai a rock piercer 2 ponies 2 fog clouds 8 yellow lights 13 gnome leaders 6 gnomish wizards 2 kobold mummies a gray ooze an elf zombie a ghoul 4 giant ants 6 floating eyes 22 dwarves 11 hill orcs 5 rothes a giant bat an orc zombie 4 dwarf zombies a werejackal 5 iguanas a killer bee 3 acid blobs a gas spore 6 hobbits 2 large kobolds 3 hobgoblins 4 giant rats 4 cave spiders 2 brown molds 3 yellow molds 2 red molds 67 gnomes 4 geckos 2 jackals 3 foxes a kobold 7 goblins 3 bats 3 lichens 5 newts 300 creatures vanquished. Genocided species: disenchanters 1 species genocided. Voluntary challenges: You read items or engraved 13 times. You engraved Elbereth 4 times. You genocided 1 type of monster. You never polymorphed an object. You never changed form. You used no wishes. Achievements: You entered the Gnomish Mines. You attained the rank of Acolyte. You attained the rank of Adept. You entered Minetown. You entered a temple. You entered a shop. The Dungeons of Doom: levels 1 to 7 Level 1: A fountain. Level 2: A fountain. Stairs down to The Gnomish Mines. Level 3: Level 4: A sink. Level 5: Level 6: A fountain. Level 7: An altar. The Gnomish Mines: levels 3 to 11 Level 3: Level 4: Level 5: Some shops, a temple, some fountains. Level 6: Level 7: Level 8: Level 9: Level 10: Level 11: <- You were here. Final resting place for you, killed by a gnome king. Game over: ---------- / \ / REST \ / IN \ / PEACE \ / \ | MalkMcJorma | | 191 Au | | killed by a | | gnome king | | | | | | 2023 | *| * * * | * _________)/\\_//(\/(/\)/\//\/|_)_______ Goodbye MalkMcJorma the Priestess... You died in The Gnomish Mines on dungeon level 11 with 16354 points, and 191 pieces of gold, after 10308 moves. You were level 9 with a maximum of 67 hit points when you died.